 Dungeon Crawl Stone Soup version 0.18-a0-1586-g58c38cf (console) character file.

78 vogonpoet the Chucker (level 4, 0/38 HPs)
             Began as a Minotaur Hunter on Mar 18, 2016.
             Succumbed to a worker ant's poison
             ... on level 3 of the Dungeon.
             The game lasted 00:03:45 (1624 turns).

vogonpoet the Chucker (Minotaur Hunter)             Turns: 1624, Time: 00:03:46

Health: 0/38       AC:  3    Str: 16    XL:     4   Next: 15%
Magic:  3/3        EV: 10    Int:  9    God:
Gold:   146        SH:  0    Dex: 11    Spells: 0 memorised, 3 levels left

rFire  . . .     SeeInvis .     j - +0 whip
rCold  . . .     Gourm    .     p - +0 leather armour (curse)
rNeg   . . .     Faith    .     (no shield)
rPois  .         Spirit   .     (helmet restricted)
rElec  .         Dismiss  .     (no cloak)
rCorr  .         Reflect  .     (no gloves)
SustAt .         Harm     .     (no boots)
MR     .....                    (no amulet)
Stlth  ..........               n - ring of loudness (curse)
                                l - -2 ring of evasion (curse)

@: lethally poisoned (0 -> -19), not resistant to hostile enchantments,
extremely unstealthy
A: retaliatory headbutt, horns 2
a: no special abilities


You were on level 3 of the Dungeon.
You were not hungry.

You visited 1 branch of the dungeon, and saw 3 of its levels.

You collected 146 gold pieces.

Inventory:

Hand Weapons
 a - a +0 short sword
 j - a +0 whip (weapon)
 s - a +0 mace
Missiles
 c - 6 javelins (quivered)
 d - 2 throwing nets
Armour
 b - a +1 leather armour
 i - a +0 chain mail
 p - a cursed +0 leather armour (worn)
Jewellery
 e - a cursed -6 ring of dexterity {unknown}
 g - an uncursed ring of protection from magic {unknown}
 l - a cursed -2 ring of evasion (left hand)
 m - an uncursed ring of positive energy
 n - a cursed ring of loudness (right hand)
Scrolls
 t - a scroll of identify
 u - a scroll of enchant armour
Potions
 h - 2 potions of might
 k - 3 potions of agility
 o - a potion of invisibility {unknown}
 q - a potion of curing {unknown}
Comestibles
 f - 2 bread rations
 r - 3 chunks of flesh


   Skills:
 - Level 3.4 Fighting
 + Level 3.9 Maces & Flails
 - Level 4.0 Throwing
 - Level 2.1 Dodging
 - Level 0.7 Stealth


You had 3 spell levels left.
You didn't know any spells.

Dungeon Overview and Level Annotations

Branches:
Dungeon (3/15)

Altars:
Ashenzari
Xom
Yredelemnul


Innate Abilities, Weirdness & Mutations

You reflexively headbutt those who attack you in melee.
You have a pair of horns on your head.


Message History

The worker ant is lightly wounded.
The worker ant bites you.
You are more poisoned.
The worker ant poisons you! The worker ant bites you.
You are more poisoned.
The worker ant poisons you!
You closely miss the worker ant.
You headbutt the worker ant, but do no damage.
The worker ant is lightly wounded.
* * * LOW HITPOINT WARNING * * *
You feel sick. The worker ant bites you.
* * * LOW HITPOINT WARNING * * *
You barely miss the worker ant.
The worker ant is lightly wounded.
* * * LOW HITPOINT WARNING * * *
You feel sick. The worker ant bites you.
* * * LOW HITPOINT WARNING * * *
You hit the worker ant but do no damage.
The worker ant is lightly wounded.
You die...

#.. #.# #+. .. #.#
#.# #.#. .# #.# #.#
#.#...###.###.####
##.##..............
##.....####.####.###
#.....#.###.# #.###
#..####..a###.##.#
#.###
........@.......(#
#....
.#####.#####.####
##### ##.###.##
##...## #####


You could see a worker ant.

Vanquished Creatures
  2 adders (D:2)
  An ooze (D:1)
  A worm (D:2)
  2 dart slugs
  A giant gecko (D:3)
  7 goblins
  4 hobgoblins
  3 jackals (D:1)
  2 kobolds (D:2)
  A ball python (D:2)
  11 bats
  A giant newt (D:1)
  11 rats
47 creatures vanquished.

Notes
Turn   | Place    | Note
--------------------------------------------------------------
     0 | D:1      | vogonpoet the Minotaur Hunter began the quest for the Orb.
     0 | D:1      | Reached XP level 1. HP: 18/18 MP: 0/0
    65 | D:1      | Reached XP level 2. HP: 26/26 MP: 1/1
   276 | D:1      | Reached skill level 1 in Maces & Flails
   523 | D:1      | Reached XP level 3. HP: 29/31 MP: 2/2
   707 | D:2      | Found a basalt altar of Yredelemnul.
   861 | D:2      | Found a shimmering altar of Xom.
  1129 | D:2      | Reached XP level 4. HP: 29/38 MP: 3/3
  1576 | D:3      | Found a shattered altar of Ashenzari.
  1623 | D:3      | HP: 1/38 [worker ant (4)]
  1624 | D:3      | Succumbed to a worker ant's poison

Vault maps used:
D:1:      minmay_arrival_radiant_lines, minmay_misc_feat_x
D:2:      lemuel_round_altar, lemuel_statue_altar
D:3:      cheibrodos_ashenzari_chains, lemuel_crystal_altar, tso_metal_star

Skill      XL: |  1  2  3 |
---------------+----------+-----
Fighting       | 3 |  3.4
Maces & Flails | 2 3 |  3.9
Throwing       | |  4.0
Dodging        | |  2.1
Stealth        | |  0.7

Action                   |  1- 3 |  4- 6 || total
-------------------------+-------+-------++-------
Melee: Short sword       |    15 |       ||    15
       Whip              |    74 |    24 ||    98
  Use: Scroll            |     3 |     4 ||     7
 Stab: Sleeping          |     1 |       ||     1
  Eat: Chunk             |     1 |     1 ||     2
